 Dungeon Crawl Stone Soup version 0.30.1-11-g7821555f0a (webtiles) character file.

Game seed: 2422432963584781512

582 Gladio the Cutter (level 7, -1/44 HPs)
             Began as a Kobold Brigand on Oct 30, 2023.
             Was an Initiate of Dithmenos.
             Slain by a centaur (4 damage)
             ... on level 5 of the Dungeon.
             The game lasted 00:05:41 (3682 turns).

Gladio the Cutter (Kobold Brigand)                  Turns: 3682, Time: 00:05:41

Health: -1/44      AC:  5    Str:  9    XL:     7   Next: 63%
Magic:  7/7        EV: 16    Int: 12    God:    Dithmenos [......]
Gold:   232        SH:  0    Dex: 18    Spells: 6/6 levels left

rFire   . . .        x - +0 dagger (venom)
rCold   . . .        (no shield)
rNeg    . . .        b - +0 robe
rPois   .            q - +0 helmet
rElec   .            c - +0 cloak
rCorr   .            g - +0 pair of gloves
SInv    .            (no boots)
Will    +....        (no amulet)
Stlth   +++++        t - ring of willpower
HPRegen 0.27/turn    (no ring)
MPRegen 0.10/turn

%: no passive effects
@: no status effects
A: small, no large weapons, nightstalker 3
a: Renounce Religion


You were on level 5 of the Dungeon.
You worshipped Dithmenos.
Dithmenos was noncommittal.
You visited 1 branch of the dungeon, and saw 5 of its levels.

You collected 232 gold pieces.

Inventory:

Hand Weapons
 a - a +2 dagger
 x - a +0 dagger of venom (weapon)
Missiles
 d - 12 poisoned darts
 e - 3 curare-tipped darts (quivered)
 p - 3 boomerangs
Armour
 b - a +0 robe (worn)
 c - a +0 cloak (worn)
 g - a +0 pair of gloves (worn)
 q - a +0 helmet (worn)
Jewellery
 t - a ring of willpower (left hand)
Scrolls
 f - a scroll of noise {unknown}
 h - a scroll of amnesia {unknown}
 j - a scroll of summoning {unknown}
 l - a scroll of immolation {unknown}
 m - a scroll of teleportation
 n - 4 scrolls of fog {unknown}
 o - 2 scrolls of silence
 u - 4 scrolls of identify {unknown}
 y - a scroll of brand weapon {unknown}
Potions
 i - a potion of cancellation {unknown}
 k - a potion of berserk rage {unknown}
 r - 5 potions of curing {unknown}
 s - a potion of brilliance {unknown}
 v - a potion of might {unknown}
 w - 2 potions of heal wounds {unknown}
 z - a potion of haste {unknown}
 A - a potion of degeneration {unknown}
 B - a potion of mutation {unknown}


   Skills:
 + Level 4.3 Fighting
 * Level 7.1 Short Blades
 - Level 2.1 Throwing
 + Level 4.2 Dodging
 + Level 6.6 Stealth


You had 6 spell levels left.
You didn't know any spells.
Your spell library contained the following spells:

 Spells                   Type           Power      Damage    Failure   Level
 Kiss of Death            Conj/Necr      0%         2d5       32%         1
 Sandblast                Erth           0%         2d4       32%         1
 Slow                     Hex            0%         N/A       32%         1
 Cigotuvi's Dreadful Rot  Necr/Pois/Air  0%         N/A       45%         2
 Passwall                 Tmut/Erth      0%         N/A       45%         2
 Confusing Touch          Hex            0%         N/A       69%         3
 Ignite Poison            Fire/Tmut/Pois 0%         N/A       69%         3
 Stone Arrow              Conj/Erth      0%         3d7       69%         3
 Vampiric Draining        Necr           0%         2d6       69%         3
 Dispel Undead            Necr           0%         3d6       97%         4
 Freezing Cloud           Conj/Ice/Air   0%         6-21      100%        5


Dungeon Overview and Level Annotations

Branches:
Dungeon (5/15)             Temple (0/1) D:4

Altars:
Dithmenos
Okawaru


Innate Abilities, Weirdness & Mutations

You are small and have problems with some larger weapons.
You are completely attuned to the shadows.


Message History

The centaur kicks you but does no damage.
The centaur closely misses you. The centaur misses you.
You barely miss the centaur.
The centaur is heavily wounded.
The centaur hits you but does no damage.
The centaur completely misses you.
You hit the centaur but do no damage.
The centaur looks as sick as possible!
The centaur is heavily wounded.
You hit the centaur but do no damage.
The centaur is heavily wounded.
The centaur hits you.
* * * LOW HITPOINT WARNING * * *
The centaur barely misses you. The centaur hits you.
* * * LOW HITPOINT WARNING * * *
The centaur closely misses you.
You hit the centaur but do no damage.
The centaur looks as sick as possible!
The centaur is severely wounded.
The centaur completely misses you. x2
Unknown command.
You hit the centaur.
The centaur looks as sick as possible!
The centaur is severely wounded.
Unknown command.
You hit the centaur.
The centaur is severely wounded.
The centaur hits you but does no damage.
The centaur kicks you but does no damage.
Unknown command.
You hit the centaur but do no damage.
The centaur is almost dead.
The centaur closely misses you.
The centaur kicks you but does no damage.
Unknown command.
You hit the centaur.
The centaur is almost dead.
The centaur misses you.
The centaur kicks you but does no damage.
You hit the centaur but do no damage.
The centaur looks as sick as possible!
The centaur is almost dead.
The centaur hits you.
You die...

........#### #†##
####..###
...(#.....### #..#
.......##
......###...#
##.##.#####).####
##.#### ###.# #....#
##..).# #
#.#####...##########)#
#........>.....[####..
#####..##.#####....###
#.###.....####.... #@#
#####. ##### #c# ..#
...# .##!.


You could see a centaur (extremely poisoned).

Vanquished Creatures
  2 black bears
  A hound (D:4)
  2 orc priests
  2 iguanas (D:4)
  An orc wizard (D:5)
  Robin (D:2)
  8 gnolls
  2 adders
  An ufetubus (D:5)
  A worm (D:2)
  4 dart slugs (D:1)
  5 orcs
  5 ball pythons
  10 bats
  8 endoplasms
  3 giant cockroaches
  14 goblins
  13 hobgoblins
  2 jackals (D:2)
  2 quokkas
  2 frilled lizards
  6 kobolds
  8 rats
103 creatures vanquished.

Notes
Turn   | Place    | Note
-------+----------+-------------------------------------------
     0 | D:1      | Gladio the Kobold Brigand began the quest for the Orb.
     0 | D:1      | Reached XP level 1. HP: 12/12 MP: 1/1
    86 | D:1      | Reached skill level 3 in Short Blades
   134 | D:1      | Reached XP level 2. HP: 18/18 MP: 2/2
   291 | D:1      | Reached XP level 3. HP: 22/22 MP: 3/3
   675 | D:2      | Reached skill level 4 in Short Blades
   676 | D:2      | Reached XP level 4. HP: 27/27 MP: 4/4
   913 | D:2      | You fall into a shaft and drop 2 floors!
   989 | D:3      | Reached skill level 5 in Short Blades
   989 | D:3      | Reached XP level 5. HP: 30/32 MP: 5/5
  1460 | D:2      | Noticed Robin
  1497 | D:2      | Killed Robin
  2302 | D:3      | Reached XP level 6. HP: 36/37 MP: 6/6
  2334 | D:3      | Found an iron altar of Okawaru.
  2822 | D:4      | Reached skill level 6 in Short Blades
  2822 | D:4      | Noticed a black bear
  3034 | D:4      | Found a shadowy altar of Dithmenos.
  3074 | D:4      | Became a worshipper of Dithmenos the Shadowed
  3176 | D:4      | Killed a black bear
  3177 | D:4      | Reached XP level 7. HP: 32/43 MP: 7/7
  3345 | D:4      | Found a staircase to the Ecumenical Temple.
  3533 | D:5      | Entered Level 5 of the Dungeon
  3629 | D:5      | Reached skill level 7 in Short Blades
  3676 | D:5      | HP: 2/44 [centaur (2)]
  3682 | D:5      | Slain by a centaur

Illustrated notes

Levels and vault maps discovered:
D:1:      amcnicky_arrival_single_pillar, layout_rooms
D:2:      layout_basic, uniq_robin
D:3:      layout_basic, okawaru_altar_gauntlet_db
D:4:      layout_loops_ring, kennysheep_mini, minmay_temple_entry_mist,
          item_on_display_a
D:5:      layout_rooms, grunt_temple_overflow_diamond

Skill      XL: |  1  2  3  4  5  6  7 |
---------------+----------------------+-----
Short Blades   | 3 4 5 6 7 |  7.1
Dodging        | 2 3 4 |  4.2
Fighting       | 3 4 |  4.3
Stealth        | 6 |  6.6
Throwing       | |  2.1

Action                     |  1- 3 |  4- 6 |  7- 9 || total
---------------------------+-------+-------+-------++-------
  Melee: Dagger            |    60 |   240 |    32 ||   332
         Punch             |       |     3 |       ||     3
  Throw: Dart              |       |     4 |       ||     4
    Use: Scroll            |       |     3 |       ||     3
   Stab: Sleeping          |    12 |    22 |     6 ||    40
         Distracted        |       |       |     1 ||     1
 Armour: Robe              |     6 |    43 |    13 ||    62
  Dodge: Dodged            |    31 |   152 |    22 ||   205
